AoeStats
← Tutifruti1647

Arabia

508809610Analyzed
1v1 RM · 9d ago on Sep 24, 2026· 13m 26s· 2 players
Game mode
Random Map
Map size
Tiny (2 player)
Population
200
Speed
Normal
Resources
Standard
Victory
Conquest
Starting age
Dark Age
Ending age
Imperial Age
RankedLock teamsTeams togetherTeam positionsShared explorationLock speedFull tech treeHidden civsTurbo modeCheats
Victory
Defeat
🇮🇳 Japanese · India
1431
+17
🇦🇷 Teutons · Argentina
1461
-17
saksham
6:22 Loom
9:22 Feudal Age
9:25 Man-at-Arms
11:09 Arson
12:36 Double-Bit Axe
Tutifruti1647
6:21 Loom
8:50 Feudal Age
10:08 Double-Bit Axe
Connection lost

Rejoining the realm…

Still unreachable

The connection could not be restored.

Session expired

The server has moved on; the page needs a fresh start.